cohdb
Replays
Latest Replays
All Replays
Popular Replays
Top Player Replays
Match Explorer
How It Works
Community
CoH3 Stats
Reddit
Sign in to upload your games and track your stats! →
Sign in with Steam
Match 32419497
Unlisted
Match 32419497
Overview
Messages
Build Orders
End
Construct Infanterie Kompanie
Grenadier Squad
Selects Mechanized Battlegroup
MG 42 Machine Gun Team
Grenadier Squad
GrW 34 Mortar Team
Construct Luftwaffe Kompanie
Medical Station
Jäger Squad
Selects Raid Package
Construct Panzergrenadier Kompanie
MG 42 Machine Gun Team
Jäger Squad
251 Medium Carrier
Pioneer Squad
Construct Panzer Kompanie
Selects StuG Assault Group
Selects UNKNOWN (2160084)
MG 42 Bunker
Panther Heavy Tank
Selects Mobile Repair Stations
Selects Stoßtruppen Assault Package
Selects Mechanized Assault
Mechanized Assault
Panther Heavy Tank
MG 42 Machine Gun Team
MG 42 Machine Gun Team
Support Elements
Wirbelwind Flakpanzer
Pioneer Squad
Nebelwerfer 42 Rocket Launcher Team
Nebelwerfer 42 Rocket Launcher Team
Mechanized Assault
Pioneer Squad
Panzergrenadier Squad
Mechanized Assault
Panzer IV Medium Tank
Panzer IV Medium Tank
Mechanized Assault
MG 42 Bunker
Mechanized Assault
StuG Assault Group
Mechanized Assault
SETH
rus27
Rasturnel
Skein96
qorghvkdlxj3
Bruistablet
不屈之莱恩
Professor gibberish
0
0
Comments
sign in to comment!
No comments posted yet!